[ AOE2 MATCH · #491610081 ]
UnrankedHindustanis vs Sicilians
Player's team · LOSS
[ REPLAY ANALYSIS · EXTRACTED FROM THE RECORDED GAME ]
Feudal
9:24
Castle
25:30
Imperial
—
| APM avg | 72.8 |
| APM peak | 121 |
| eAPM avg | 25.8 |
| Villagers / military | 67 / 52 |
Focus
⚔️ 34.1% · 🌾 65.9%
Scout Cavalry ×36 · Camel Scout ×16
Feudal
9:41
Castle
—
Imperial
—
| APM avg | 40.9 |
| APM peak | 63 |
| eAPM avg | 21.6 |
| Villagers / military | 68 / 100 |
Focus
⚔️ 48.0% · 🌾 52.0%
Archer ×98 · Spearman ×2
Feudal
8:55
Castle
23:14
Imperial
—
| APM avg | 59.8 |
| APM peak | 172 |
| eAPM avg | 15.5 |
| Villagers / military | 47 / 41 |
Focus
⚔️ 44.1% · 🌾 55.9%
Knight ×25 · Scout Cavalry ×16
Feudal
9:13
Castle
26:53
Imperial
—
| APM avg | 47.3 |
| APM peak | 100 |
| eAPM avg | 24.3 |
| Villagers / military | 86 / 87 |
Focus
⚔️ 38.4% · 🌾 61.6%
Scout Cavalry ×68 · Knight ×13 · Spearman ×3 · Camel Scout ×3
Feudal
8:51
Castle
21:54
Imperial
—
| APM avg | 56.7 |
| APM peak | 100 |
| eAPM avg | 20.6 |
| Villagers / military | 73 / 74 |
Focus
⚔️ 43.3% · 🌾 56.7%
Archer ×74
Feudal
9:16
Castle
24:57
Imperial
—
| APM avg | 38.9 |
| APM peak | 62 |
| eAPM avg | 19.5 |
| Villagers / military | 57 / 62 |
Focus
⚔️ 32.3% · 🌾 67.7%
Archer ×62
Feudal
9:18
Castle
22:40
Imperial
—
| APM avg | 54.1 |
| APM peak | 91 |
| eAPM avg | 27.0 |
| Villagers / military | 60 / 78 |
Focus
⚔️ 63.1% · 🌾 36.9%
Archer ×78
Feudal
8:56
Castle
25:08
Imperial
—
| APM avg | 50.9 |
| APM peak | 103 |
| eAPM avg | 16.6 |
| Villagers / military | 60 / 23 |
Focus
⚔️ 34.8% · 🌾 65.2%
Scout Cavalry ×18 · Spearman ×3 · Mangudai ×2
Match map
Initial resources + every placement click. Lines = walls · curves = elevation contours. ◆ gold · ⬟ stone · ● berries · ✦ relic · ◌ wall gap
Your base· Open — unwalled flank
aaahfef's base· Open — unwalled flank
DS_Le Cuack |Youtube Twitch|'s base· Open — unwalled flank
RyuZaKi's base· Open — unwalled flank
DS_Maulet's base· Open — unwalled flank
share/p/1EGzyAY5M9/'s base· Open — unwalled flank
DS_Orfen's base· Open — unwalled flank
word马亚's base· Open — unwalled flank
Smoothed initial terrain · ◌ = detected wall gap · hover for details
Inputs per minute
— DL | Tortafuller - - aaahfef
Build order — DL | Tortafuller
First 150 of 204 actions detected
| 0:01 | Create | Villager (Male) |
| 0:01 | Create | Villager (Male) |
| 0:01 | Create | Villager (Male) |
| 0:01 | Create | Villager (Male) |
| 0:02 | Create | Villager (Male) |
| 0:03 | Build | House |
| 0:04 | Build | House |
| 1:12 | Create | Villager (Male) |
| 1:12 | Create | Villager (Male) |
| 1:41 | Create | Villager (Male) |
| 1:41 | Create | Villager (Male) |
| 1:54 | Create | Villager (Male) |
| 2:27 | Create | Villager (Male) |
| 3:06 | Create | Villager (Male) |
| 3:06 | Create | Villager (Male) |
| 3:46 | Build | Lumber Camp |
| 3:58 | Create | Villager (Male) |
| 3:58 | Create | Villager (Male) |
| 4:04 | Create | Villager (Male) |
| 4:04 | Create | Villager (Male) |
| 4:35 | Research | Loom |
| 4:39 | Build | House |
| 4:53 | Create | Villager (Male) |
| 5:06 | Create | Villager (Male) |
| 5:45 | Create | Villager (Male) |
| 6:23 | Create | Villager (Male) |
| 6:26 | Build | Mill |
| 6:49 | Create | Villager (Male) |
| 7:06 | Research | Feudal Age |
| 7:24 | Create | Villager (Male) |
| 8:26 | Create | Villager (Male) |
| 8:45 | Build | Barracks |
| 8:51 | Build | House |
| 9:24 | Age | Feudal Age |
| 9:27 | Build | House |
| 9:55 | Build | Stable |
| 10:00 | Create | Villager (Male) |
| 10:03 | Research | Double-Bit Axe |
| 10:07 | Create | Villager (Male) |
| 10:32 | Create | Scout Cavalry |
| 10:32 | Create | Scout Cavalry |
| 10:34 | Create | Scout Cavalry |
| 10:37 | Create | Villager (Male) |
| 10:50 | Build | Mill |
| 10:53 | Create | Villager (Male) |
| 10:55 | Research | Horse Collar |
| 11:08 | Build | Farm |
| 11:08 | Build | Farm |
| 11:16 | Create | Villager (Male) |
| 11:22 | Build | Farm |
| 11:50 | Create | Villager (Male) |
| 11:55 | Create | Scout Cavalry |
| 11:58 | Build | Farm |
| 11:59 | Build | Farm |
| 12:15 | Build | House |
| 12:21 | Build | House |
| 12:26 | Create | Villager (Male) |
| 12:28 | Build | Farm |
| 12:49 | Create | Scout Cavalry |
| 12:51 | Create | Villager (Male) |
| 12:59 | Build | Farm |
| 13:08 | Create | Villager (Male) |
| 13:13 | Build | Farm |
| 13:21 | Create | Scout Cavalry |
| 13:22 | Create | Scout Cavalry |
| 13:52 | Create | Scout Cavalry |
| 14:00 | Build | Farm |
| 14:01 | Create | Villager (Male) |
| 14:05 | Build | Blacksmith |
| 14:17 | Create | Scout Cavalry |
| 14:34 | Create | Scout Cavalry |
| 14:35 | Create | Villager (Male) |
| 14:36 | Create | Villager (Male) |
| 14:43 | Build | Farm |
| 14:43 | Build | Farm |
| 14:43 | Build | Farm |
| 14:50 | Build | House |
| 15:02 | Create | Scout Cavalry |
| 15:03 | Create | Scout Cavalry |
| 15:11 | Create | Scout Cavalry |
| 15:15 | Create | Villager (Male) |
| 15:16 | Build | House |
| 15:17 | Build | House |
| 15:21 | Build | Farm |
| 15:28 | Create | Villager (Male) |
| 15:35 | Build | Farm |
| 15:37 | Build | Farm |
| 15:41 | Research | Scale Barding Armor |
| 15:50 | Build | House |
| 15:58 | Create | Villager (Male) |
| 15:58 | Create | Villager (Male) |
| 15:59 | Create | Villager (Male) |
| 16:12 | Create | Villager (Male) |
| 16:20 | Build | Farm |
| 16:26 | Create | Villager (Male) |
| 16:38 | Build | Stable |
| 16:45 | Create | Scout Cavalry |
| 16:45 | Create | Scout Cavalry |
| 17:03 | Build | Farm |
| 17:04 | Build | Farm |
| 17:04 | Build | Farm |
| 17:04 | Build | Farm |
| 17:04 | Build | Farm |
| 17:05 | Build | Farm |
| 17:29 | Research | Forging |
| 17:37 | Build | Farm |
| 17:42 | Build | Mining Camp |
| 17:43 | Create | Villager (Male) |
| 17:47 | Create | Scout Cavalry |
| 17:47 | Create | Scout Cavalry |
| 17:56 | Create | Villager (Male) |
| 18:27 | Create | Scout Cavalry |
| 18:42 | Build | Stable |
| 18:47 | Create | Scout Cavalry |
| 18:50 | Create | Scout Cavalry |
| 19:01 | Build | Stable |
| 19:04 | Create | Villager (Male) |
| 19:05 | Create | Villager (Male) |
| 19:08 | Build | Farm |
| 19:08 | Build | Farm |
| 19:09 | Build | Farm |
| 19:09 | Build | Farm |
| 19:09 | Build | Farm |
| 19:09 | Build | Farm |
| 19:10 | Build | Farm |
| 19:10 | Build | Farm |
| 19:10 | Build | Farm |
| 19:16 | Create | Scout Cavalry |
| 19:17 | Create | Villager (Male) |
| 19:26 | Research | Bloodlines |
| 19:38 | Build | House |
| 19:38 | Build | House |
| 19:55 | Research | Wheelbarrow |
| 20:08 | Create | Scout Cavalry |
| 20:20 | Create | Scout Cavalry |
| 20:20 | Create | Scout Cavalry |
| 20:30 | Create | Villager (Male) |
| 20:36 | Build | Farm |
| 20:36 | Build | Farm |
| 20:37 | Build | Farm |
| 20:39 | Create | Scout Cavalry |
| 20:39 | Create | Scout Cavalry |
| 20:56 | Create | Villager (Male) |
| 21:19 | Create | Scout Cavalry |
| 21:21 | Create | Villager (Male) |
| 21:56 | Create | Scout Cavalry |
| 21:57 | Create | Scout Cavalry |
| 22:18 | Create | Villager (Male) |
| 22:32 | Build | Mill |
| 22:34 | Build | Farm |
Build order — aaahfef
First 150 of 227 actions detected
| 0:01 | Create | Villager (Male) |
| 0:01 | Create | Villager (Male) |
| 0:03 | Build | House |
| 0:04 | Build | House |
| 0:07 | Create | Villager (Male) |
| 0:14 | Create | Villager (Male) |
| 0:15 | Create | Villager (Male) |
| 1:38 | Create | Villager (Male) |
| 1:39 | Create | Villager (Male) |
| 1:45 | Build | Lumber Camp |
| 1:56 | Create | Villager (Male) |
| 2:24 | Create | Villager (Male) |
| 2:24 | Create | Villager (Male) |
| 2:53 | Create | Villager (Male) |
| 2:54 | Create | Villager (Male) |
| 3:19 | Create | Villager (Male) |
| 3:19 | Create | Villager (Male) |
| 3:35 | Create | Villager (Male) |
| 3:57 | Create | Villager (Male) |
| 3:57 | Create | Villager (Male) |
| 3:57 | Create | Villager (Male) |
| 4:06 | Build | House |
| 4:30 | Create | Villager (Male) |
| 4:35 | Create | Villager (Male) |
| 4:41 | Build | House |
| 4:58 | Create | Villager (Male) |
| 5:22 | Create | Villager (Male) |
| 5:35 | Build | Palisade Wall |
| 5:43 | Create | Villager (Male) |
| 6:07 | Create | Villager (Male) |
| 6:22 | Create | Villager (Male) |
| 6:22 | Create | Villager (Male) |
| 6:47 | Build | Barracks |
| 6:54 | Research | Loom |
| 6:54 | Research | Loom |
| 7:25 | Build | House |
| 7:31 | Research | Feudal Age |
| 7:32 | Research | Feudal Age |
| 7:53 | Build | Lumber Camp |
| 7:56 | Build | House |
| 8:04 | Build | Palisade Wall |
| 8:08 | Build | Palisade Wall |
| 8:32 | Build | House |
| 8:34 | Build | Palisade Wall |
| 8:53 | Build | Palisade Wall |
| 8:58 | Create | Villager (Male) |
| 9:19 | Build | Mining Camp |
| 9:34 | Create | Villager (Male) |
| 9:41 | Age | Feudal Age |
| 9:43 | Build | Archery Range |
| 9:53 | Build | Archery Range |
| 10:14 | Create | Villager (Male) |
| 10:39 | Create | Archer |
| 10:39 | Create | Archer |
| 10:48 | Create | Archer |
| 10:52 | Create | Villager (Male) |
| 10:52 | Create | Villager (Male) |
| 11:00 | Create | Archer |
| 11:00 | Create | Archer |
| 11:12 | Build | Palisade Wall |
| 11:20 | Create | Villager (Male) |
| 11:21 | Create | Archer |
| 11:22 | Create | Archer |
| 11:22 | Create | Archer |
| 11:34 | Create | Archer |
| 11:34 | Create | Archer |
| 11:35 | Create | Archer |
| 11:38 | Create | Villager (Male) |
| 11:38 | Create | Villager (Male) |
| 12:10 | Build | Blacksmith |
| 12:13 | Create | Archer |
| 12:14 | Create | Archer |
| 12:18 | Create | Villager (Male) |
| 12:19 | Create | Villager (Male) |
| 12:22 | Build | Mill |
| 12:30 | Create | Archer |
| 12:30 | Create | Archer |
| 12:33 | Create | Villager (Male) |
| 12:45 | Build | Palisade Wall |
| 12:48 | Build | House |
| 12:50 | Create | Archer |
| 12:50 | Create | Archer |
| 13:03 | Create | Villager (Male) |
| 13:04 | Create | Archer |
| 13:05 | Create | Archer |
| 13:05 | Create | Archer |
| 13:27 | Create | Villager (Male) |
| 13:27 | Create | Villager (Male) |
| 13:42 | Create | Archer |
| 13:42 | Create | Archer |
| 13:43 | Create | Archer |
| 13:52 | Create | Villager (Male) |
| 14:02 | Research | Double-Bit Axe |
| 14:02 | Research | Double-Bit Axe |
| 14:02 | Research | Double-Bit Axe |
| 14:02 | Create | Archer |
| 14:02 | Create | Archer |
| 14:03 | Create | Archer |
| 14:05 | Build | House |
| 14:30 | Create | Villager (Male) |
| 14:31 | Create | Archer |
| 14:32 | Create | Archer |
| 14:52 | Research | Fletching |
| 14:53 | Research | Fletching |
| 15:20 | Create | Villager (Male) |
| 15:21 | Create | Villager (Male) |
| 15:22 | Create | Archer |
| 15:23 | Create | Archer |
| 15:23 | Create | Archer |
| 15:23 | Create | Archer |
| 15:26 | Build | Palisade Wall |
| 15:49 | Create | Villager (Male) |
| 15:55 | Build | Farm |
| 15:57 | Build | Farm |
| 15:59 | Build | Farm |
| 16:00 | Create | Archer |
| 16:00 | Create | Archer |
| 16:03 | Create | Villager (Male) |
| 16:06 | Build | Farm |
| 16:09 | Build | Farm |
| 16:12 | Build | Farm |
| 16:14 | Build | Farm |
| 16:14 | Create | Villager (Male) |
| 16:23 | Create | Archer |
| 16:23 | Create | Archer |
| 16:30 | Build | Market |
| 16:33 | Research | Padded Archer Armor |
| 16:33 | Research | Padded Archer Armor |
| 16:33 | Create | Archer |
| 16:34 | Create | Archer |
| 16:34 | Create | Archer |
| 16:46 | Build | Palisade Wall |
| 16:47 | Create | Villager (Male) |
| 17:06 | Create | Archer |
| 17:06 | Create | Archer |
| 17:12 | Research | Gold Mining |
| 17:12 | Research | Gold Mining |
| 17:26 | Build | Mining Camp |
| 17:37 | Create | Villager (Male) |
| 17:37 | Create | Villager (Male) |
| 17:42 | Create | Archer |
| 17:42 | Create | Archer |
| 18:09 | Create | Archer |
| 18:09 | Create | Archer |
| 18:09 | Create | Archer |
| 18:22 | Build | Archery Range |
| 18:30 | Create | Villager (Male) |
| 18:32 | Create | Villager (Male) |
| 18:36 | Create | Archer |
| 18:37 | Create | Archer |
Build order — DS_Le Cuack |Youtube Twitch|
First 150 of 154 actions detected
| 0:01 | Create | Villager (Male) ×4 |
| 0:04 | Build | House |
| 0:05 | Build | House |
| 1:28 | Create | Villager (Male) |
| 1:57 | Create | Villager (Male) |
| 2:04 | Build | Lumber Camp |
| 2:24 | Create | Villager (Male) |
| 2:58 | Create | Villager (Male) |
| 2:59 | Create | Villager (Male) |
| 2:59 | Create | Villager (Male) |
| 3:39 | Create | Villager (Male) |
| 3:53 | Build | House |
| 4:03 | Create | Villager (Male) |
| 4:40 | Create | Villager (Male) |
| 4:40 | Create | Villager (Male) |
| 4:41 | Create | Villager (Male) |
| 4:41 | Create | Villager (Male) |
| 4:58 | Build | Mill |
| 5:05 | Create | Villager (Male) |
| 5:51 | Research | Loom |
| 6:45 | Research | Feudal Age |
| 6:57 | Build | Lumber Camp |
| 7:30 | Build | House |
| 7:46 | Create | Villager (Male) |
| 8:05 | Build | Barracks |
| 8:55 | Age | Feudal Age |
| 8:58 | Build | Stable |
| 8:59 | Research | Double-Bit Axe |
| 9:25 | Create | Villager (Male) |
| 9:43 | Create | Villager (Male) |
| 9:54 | Create | Scout Cavalry |
| 10:03 | Create | Villager (Male) |
| 10:06 | Build | House |
| 10:26 | Create | Scout Cavalry |
| 10:26 | Create | Scout Cavalry |
| 10:39 | Build | House |
| 10:42 | Build | Farm |
| 10:43 | Create | Villager (Male) |
| 10:51 | Build | Farm |
| 11:15 | Create | Scout Cavalry |
| 11:18 | Build | House |
| 11:19 | Build | House |
| 11:20 | Create | Villager (Male) |
| 11:25 | Build | Farm |
| 11:28 | Build | Farm |
| 11:46 | Create | Villager (Male) |
| 12:40 | Create | Villager (Male) |
| 12:40 | Create | Villager (Male) |
| 12:49 | Create | Scout Cavalry |
| 12:49 | Create | Scout Cavalry |
| 12:53 | Build | House |
| 12:55 | Build | House |
| 13:02 | Create | Scout Cavalry |
| 13:05 | Build | Farm |
| 13:07 | Build | Farm |
| 13:09 | Build | Farm |
| 13:16 | Create | Villager (Male) |
| 13:21 | Build | Farm |
| 13:27 | Create | Scout Cavalry |
| 13:53 | Create | Scout Cavalry |
| 14:35 | Create | Villager (Male) |
| 14:38 | Create | Scout Cavalry |
| 14:53 | Create | Villager (Male) |
| 14:53 | Create | Villager (Male) |
| 15:00 | Create | Villager (Male) |
| 15:03 | Build | House |
| 15:05 | Create | Villager (Male) |
| 15:08 | Build | Farm |
| 15:09 | Create | Villager (Male) |
| 15:20 | Create | Scout Cavalry |
| 15:49 | Create | Villager (Male) |
| 15:50 | Create | Scout Cavalry |
| 15:51 | Create | Scout Cavalry |
| 16:01 | Build | Mining Camp |
| 16:03 | Build | Farm |
| 16:03 | Build | Farm |
| 16:04 | Build | Farm |
| 16:04 | Build | Farm |
| 16:04 | Build | Farm |
| 16:04 | Build | Farm |
| 16:22 | Create | Villager (Male) |
| 16:22 | Create | Villager (Male) |
| 16:25 | Build | Blacksmith |
| 17:01 | Create | Scout Cavalry |
| 17:08 | Research | Scale Barding Armor |
| 17:23 | Create | Scout Cavalry |
| 17:24 | Create | Scout Cavalry |
| 17:55 | Research | Forging |
| 18:13 | Build | Stable |
| 18:16 | Create | Villager (Male) |
| 18:38 | Create | Villager (Male) |
| 18:42 | Build | Farm |
| 18:44 | Build | Farm |
| 18:46 | Build | Market |
| 19:10 | Build | Farm |
| 19:13 | Create | Villager (Male) |
| 19:15 | Build | Farm |
| 19:17 | Build | Farm |
| 19:40 | Create | Villager (Male) |
| 20:09 | Build | House |
| 20:35 | Research | Castle Age |
| 20:39 | Build | Mining Camp |
| 21:13 | Build | House |
| 21:34 | Build | House |
| 22:29 | Build | Farm |
| 22:32 | Build | Stable |
| 22:42 | Create | Villager (Male) |
| 23:10 | Research | Wheelbarrow |
| 23:14 | Age | Castle Age |
| 23:15 | Research | Chain Barding Armor |
| 23:15 | Research | Chain Barding Armor |
| 23:17 | Create | Knight |
| 23:17 | Create | Knight |
| 23:17 | Create | Knight |
| 23:17 | Create | Knight |
| 23:18 | Create | Knight |
| 23:18 | Create | Knight |
| 23:41 | Research | Husbandry |
| 23:43 | Create | Villager (Male) |
| 23:44 | Build | Stable |
| 23:50 | Create | Knight |
| 23:54 | Create | Villager (Male) |
| 24:00 | Build | Farm |
| 24:22 | Build | Farm |
| 24:37 | Create | Knight |
| 24:37 | Create | Knight |
| 24:38 | Create | Knight |
| 24:52 | Build | Farm |
| 24:59 | Create | Knight |
| 25:00 | Create | Knight |
| 25:02 | Research | Iron Casting |
| 25:12 | Create | Villager (Male) |
| 25:23 | Create | Knight |
| 25:23 | Create | Knight |
| 25:31 | Create | Villager (Male) |
| 25:36 | Build | Farm |
| 25:40 | Build | Farm |
| 25:46 | Create | Knight |
| 25:46 | Create | Knight |
| 25:59 | Create | Knight |
| 26:39 | Create | Knight |
| 26:39 | Create | Knight |
| 26:39 | Create | Knight |
| 26:50 | Create | Villager (Male) |
| 26:55 | Create | Knight |
| 26:56 | Create | Knight |
| 26:58 | Create | Villager (Male) |
| 27:00 | Build | Farm |
| 27:00 | Build | Farm |
| 27:02 | Research | Bow Saw |
Build order — RyuZaKi
First 150 of 282 actions detected
| 0:01 | Create | Villager (Male) |
| 0:01 | Create | Villager (Male) |
| 0:01 | Create | Villager (Male) |
| 0:02 | Create | Villager (Male) |
| 0:03 | Build | House |
| 0:04 | Build | House |
| 0:08 | Create | Villager (Male) |
| 0:08 | Create | Villager (Male) |
| 1:23 | Create | Villager (Male) |
| 1:24 | Create | Villager (Male) |
| 1:47 | Build | Lumber Camp |
| 1:48 | Create | Villager (Male) |
| 1:48 | Create | Villager (Male) |
| 2:20 | Create | Villager (Male) |
| 2:20 | Create | Villager (Male) |
| 2:54 | Create | Villager (Male) |
| 2:54 | Create | Villager (Male) |
| 2:54 | Create | Villager (Male) |
| 3:14 | Build | House |
| 3:33 | Create | Villager (Male) |
| 3:33 | Create | Villager (Male) |
| 3:33 | Create | Villager (Male) |
| 3:37 | Build | Mill |
| 4:16 | Create | Villager (Male) |
| 4:16 | Create | Villager (Male) |
| 4:17 | Create | Villager (Male) |
| 5:02 | Create | Villager (Male) |
| 5:03 | Create | Villager (Male) |
| 5:12 | Create | Villager (Male) |
| 5:13 | Create | Villager (Male) |
| 5:20 | Create | Villager (Male) |
| 5:20 | Create | Villager (Male) |
| 5:20 | Create | Villager (Male) |
| 5:49 | Create | Villager (Male) |
| 5:49 | Create | Villager (Male) |
| 6:05 | Build | House |
| 6:09 | Research | Loom |
| 6:09 | Create | Villager (Male) |
| 6:12 | Create | Villager (Male) |
| 6:12 | Create | Villager (Male) |
| 7:07 | Research | Feudal Age |
| 7:08 | Research | Feudal Age |
| 7:08 | Research | Feudal Age |
| 7:16 | Build | Barracks |
| 7:39 | Build | Lumber Camp |
| 8:10 | Build | Barracks |
| 8:29 | Create | Villager (Male) |
| 8:57 | Build | House |
| 9:03 | Create | Villager (Male) |
| 9:13 | Age | Feudal Age |
| 9:27 | Build | Stable |
| 9:49 | Create | Villager (Male) |
| 9:54 | Research | Double-Bit Axe |
| 9:54 | Research | Double-Bit Axe |
| 9:54 | Research | Horse Collar |
| 10:11 | Research | Horse Collar |
| 10:11 | Research | Horse Collar |
| 10:12 | Research | Horse Collar |
| 10:22 | Create | Scout Cavalry |
| 10:22 | Create | Scout Cavalry |
| 10:23 | Create | Scout Cavalry |
| 10:34 | Create | Scout Cavalry |
| 10:35 | Create | Scout Cavalry |
| 10:36 | Create | Villager (Male) |
| 10:36 | Create | Villager (Male) |
| 10:39 | Create | Villager (Male) |
| 10:39 | Create | Villager (Male) |
| 10:39 | Create | Villager (Male) |
| 10:43 | Build | Farm |
| 10:43 | Build | Farm |
| 10:55 | Build | Farm |
| 10:58 | Build | Farm |
| 11:12 | Build | House |
| 11:20 | Create | Villager (Male) |
| 11:28 | Build | Farm |
| 11:34 | Create | Scout Cavalry |
| 11:38 | Build | House |
| 11:47 | Create | Villager (Male) |
| 11:56 | Create | Scout Cavalry |
| 12:02 | Build | Farm |
| 12:04 | Build | Farm |
| 12:10 | Create | Scout Cavalry |
| 12:24 | Build | Farm |
| 12:26 | Create | Villager (Male) |
| 12:35 | Create | Villager (Male) |
| 12:35 | Create | Villager (Male) |
| 12:40 | Build | House |
| 12:52 | Build | Farm |
| 12:55 | Build | Farm |
| 13:20 | Create | Scout Cavalry |
| 13:20 | Create | Villager (Male) |
| 13:21 | Create | Villager (Male) |
| 13:21 | Create | Villager (Male) |
| 13:23 | Build | Farm |
| 13:23 | Build | Farm |
| 13:23 | Build | Farm |
| 13:23 | Build | Farm |
| 13:24 | Build | Farm |
| 13:51 | Build | Farm |
| 13:51 | Create | Villager (Male) |
| 13:56 | Create | Scout Cavalry |
| 13:59 | Build | Farm |
| 14:00 | Build | Farm |
| 14:01 | Build | Farm |
| 14:27 | Create | Scout Cavalry |
| 14:29 | Build | House |
| 14:35 | Create | Villager (Male) |
| 14:39 | Build | Farm |
| 14:39 | Build | Farm |
| 14:42 | Build | Farm |
| 14:46 | Create | Villager (Male) |
| 14:46 | Create | Villager (Male) |
| 14:53 | Create | Scout Cavalry |
| 14:53 | Create | Scout Cavalry |
| 15:16 | Create | Scout Cavalry |
| 15:17 | Create | Scout Cavalry |
| 15:27 | Build | Blacksmith |
| 15:30 | Build | House |
| 15:31 | Create | Villager (Male) |
| 15:31 | Create | Villager (Male) |
| 15:34 | Build | Mining Camp |
| 15:45 | Create | Scout Cavalry |
| 15:58 | Build | Farm |
| 15:58 | Build | Farm |
| 16:09 | Create | Villager (Male) |
| 16:16 | Research | Gold Mining |
| 16:16 | Research | Gold Mining |
| 16:16 | Research | Gold Mining |
| 16:29 | Build | Farm |
| 16:37 | Create | Scout Cavalry |
| 16:47 | Research | Scale Barding Armor |
| 16:55 | Build | Farm |
| 17:03 | Create | Scout Cavalry |
| 17:03 | Create | Scout Cavalry |
| 17:11 | Create | Villager (Male) |
| 17:11 | Create | Villager (Male) |
| 17:11 | Create | Villager (Male) |
| 17:32 | Research | Forging |
| 17:32 | Research | Forging |
| 17:44 | Create | Scout Cavalry |
| 17:44 | Create | Scout Cavalry |
| 17:49 | Build | Stable |
| 17:54 | Create | Villager (Male) |
| 18:05 | Create | Scout Cavalry |
| 18:11 | Build | Farm |
| 18:12 | Build | Farm |
| 18:14 | Build | Farm |
| 18:20 | Create | Scout Cavalry |
| 18:20 | Create | Scout Cavalry |
| 18:29 | Create | Scout Cavalry |
Build order — DS_Maulet
First 150 of 234 actions detected
| 0:00 | Create | Villager (Male) |
| 0:01 | Create | Villager (Male) |
| 0:01 | Create | Villager (Male) |
| 0:01 | Create | Villager (Male) |
| 0:01 | Create | Villager (Male) |
| 0:03 | Build | House |
| 0:04 | Build | House |
| 1:24 | Create | Villager (Male) |
| 1:45 | Build | Lumber Camp |
| 1:52 | Create | Villager (Male) |
| 1:52 | Create | Villager (Male) |
| 2:10 | Create | Villager (Male) |
| 2:37 | Create | Villager (Male) |
| 3:16 | Create | Villager (Male) |
| 3:16 | Create | Villager (Male) |
| 3:16 | Create | Villager (Male) |
| 3:39 | Create | Villager (Male) |
| 3:54 | Build | House |
| 4:04 | Create | Villager (Male) |
| 4:06 | Create | Villager (Male) |
| 4:06 | Create | Villager (Male) |
| 4:39 | Build | Mining Camp |
| 4:41 | Create | Villager (Male) |
| 4:42 | Create | Villager (Male) |
| 5:10 | Create | Villager (Male) |
| 5:10 | Create | Villager (Male) |
| 5:14 | Research | Loom |
| 6:05 | Create | Villager (Male) |
| 6:41 | Research | Feudal Age |
| 7:14 | Build | House |
| 7:36 | Build | Barracks |
| 7:47 | Create | Villager (Male) |
| 8:51 | Age | Feudal Age |
| 8:52 | Build | Archery Range |
| 8:54 | Build | Archery Range |
| 8:57 | Create | Villager (Male) |
| 9:10 | Research | Double-Bit Axe |
| 9:13 | Build | House |
| 9:24 | Create | Villager (Male) |
| 9:46 | Create | Archer |
| 9:46 | Create | Villager (Male) |
| 9:49 | Build | House |
| 9:50 | Create | Villager (Male) |
| 10:07 | Create | Archer |
| 10:24 | Create | Archer |
| 10:38 | Build | Blacksmith |
| 10:40 | Build | Palisade Wall |
| 10:42 | Create | Villager (Male) |
| 10:58 | Create | Archer |
| 11:02 | Create | Villager (Male) |
| 11:08 | Create | Archer |
| 11:18 | Create | Villager (Male) |
| 11:25 | Research | Fletching |
| 11:26 | Create | Archer |
| 11:45 | Create | Archer |
| 11:47 | Create | Villager (Male) |
| 11:52 | Build | Mill |
| 11:57 | Create | Archer |
| 12:23 | Create | Archer |
| 12:32 | Create | Villager (Male) |
| 12:37 | Build | House |
| 12:44 | Create | Archer |
| 12:52 | Create | Villager (Male) |
| 12:55 | Build | House |
| 12:58 | Create | Archer |
| 12:59 | Create | Villager (Male) |
| 13:01 | Build | Farm |
| 13:13 | Build | Farm |
| 13:17 | Create | Archer |
| 13:22 | Build | Palisade Wall |
| 13:36 | Create | Villager (Male) |
| 13:37 | Create | Archer |
| 13:41 | Build | House |
| 13:44 | Build | Palisade Wall |
| 13:47 | Create | Archer |
| 13:48 | Create | Villager (Male) |
| 14:01 | Create | Villager (Male) |
| 14:05 | Build | Farm |
| 14:08 | Create | Archer |
| 14:11 | Create | Archer |
| 14:16 | Create | Villager (Male) |
| 14:48 | Create | Villager (Male) |
| 14:49 | Create | Archer |
| 14:55 | Create | Villager (Male) |
| 14:57 | Build | Farm |
| 14:57 | Build | Farm |
| 14:58 | Build | Farm |
| 14:58 | Build | Farm |
| 15:07 | Build | House |
| 15:10 | Build | Farm |
| 15:19 | Create | Villager (Male) |
| 15:25 | Create | Archer |
| 15:39 | Create | Villager (Male) |
| 15:43 | Create | Archer |
| 15:48 | Build | Farm |
| 15:53 | Build | House |
| 16:01 | Build | Farm |
| 16:03 | Build | Farm |
| 16:09 | Create | Archer |
| 16:14 | Create | Villager (Male) |
| 16:22 | Build | Farm |
| 16:42 | Create | Villager (Male) |
| 16:44 | Build | Farm |
| 16:47 | Build | Farm |
| 16:57 | Build | House |
| 17:01 | Create | Archer |
| 17:17 | Build | Farm |
| 17:21 | Create | Archer |
| 17:28 | Build | House |
| 17:29 | Build | Palisade Wall |
| 17:46 | Create | Archer |
| 18:02 | Create | Archer |
| 18:07 | Build | House |
| 18:15 | Create | Villager (Male) |
| 18:16 | Create | Villager (Male) |
| 18:21 | Create | Archer |
| 18:33 | Build | Market |
| 18:51 | Build | Palisade Gate |
| 18:53 | Build | Palisade Wall |
| 18:58 | Create | Archer |
| 18:59 | Create | Archer |
| 19:07 | Build | Farm |
| 19:14 | Research | Castle Age |
| 19:23 | Create | Archer |
| 19:24 | Create | Archer |
| 19:41 | Build | Lumber Camp |
| 20:10 | Create | Villager (Male) |
| 20:11 | Create | Archer |
| 20:11 | Create | Archer |
| 20:12 | Create | Archer |
| 20:14 | Research | Padded Archer Armor |
| 20:26 | Research | Gold Mining |
| 20:37 | Create | Archer |
| 20:37 | Create | Archer |
| 20:46 | Create | Archer |
| 21:00 | Create | Archer |
| 21:00 | Create | Archer |
| 21:06 | Create | Archer |
| 21:19 | Research | Horse Collar |
| 21:27 | Create | Archer |
| 21:27 | Create | Archer |
| 21:31 | Create | Archer |
| 21:54 | Age | Castle Age |
| 21:55 | Research | Bodkin Arrow |
| 21:58 | Research | Crossbowman (upgrade) |
| 22:06 | Build | University |
| 22:09 | Create | Archer |
| 22:10 | Create | Villager (Male) |
| 22:18 | Research | Leather Archer Armor |
| 22:23 | Create | Villager (Male) |
Build order — share/p/1EGzyAY5M9/
First 150 of 191 actions detected
| 0:01 | Create | Villager (Male) |
| 0:03 | Build | House |
| 0:04 | Build | House |
| 0:13 | Create | Villager (Male) |
| 0:13 | Create | Villager (Male) |
| 0:13 | Create | Villager (Male) |
| 0:14 | Create | Villager (Male) |
| 1:25 | Create | Villager (Male) |
| 1:50 | Create | Villager (Male) |
| 1:51 | Create | Villager (Male) |
| 2:22 | Create | Villager (Male) |
| 2:53 | Create | Villager (Male) |
| 2:53 | Create | Villager (Male) |
| 3:04 | Create | Villager (Male) |
| 3:08 | Build | Settlement |
| 3:36 | Create | Villager (Male) |
| 3:36 | Create | Villager (Male) |
| 4:01 | Create | Villager (Male) |
| 4:02 | Create | Villager (Male) |
| 4:03 | Create | Villager (Male) |
| 4:51 | Create | Villager (Male) |
| 4:56 | Create | Villager (Male) |
| 5:28 | Create | Villager (Male) |
| 5:47 | Create | Villager (Male) |
| 6:20 | Build | Settlement |
| 6:34 | Research | Loom |
| 6:54 | Research | Feudal Age |
| 8:22 | Build | Barracks |
| 8:44 | Build | House |
| 8:55 | Create | Villager (Male) |
| 9:06 | Build | Palisade Wall |
| 9:08 | Build | Palisade Wall |
| 9:16 | Age | Feudal Age |
| 9:22 | Build | Archery Range |
| 9:43 | Create | Villager (Male) |
| 10:02 | Create | Villager (Male) |
| 10:06 | Build | Archery Range |
| 10:09 | Create | Villager (Male) |
| 10:28 | Create | Archer |
| 10:29 | Create | Villager (Male) |
| 10:38 | Create | Archer |
| 10:45 | Create | Archer |
| 10:46 | Create | Villager (Male) |
| 10:49 | Research | Double-Bit Axe |
| 10:53 | Create | Archer |
| 10:56 | Create | Archer |
| 10:59 | Build | House |
| 11:05 | Create | Villager (Male) |
| 11:17 | Create | Villager (Male) |
| 11:30 | Create | Archer |
| 11:33 | Build | House |
| 11:52 | Create | Archer |
| 12:01 | Build | Watch Tower |
| 12:14 | Create | Archer |
| 12:29 | Create | Villager (Male) |
| 12:49 | Build | House |
| 12:57 | Create | Villager (Male) |
| 13:02 | Build | Settlement |
| 13:08 | Create | Archer |
| 13:11 | Build | Palisade Gate |
| 13:16 | Create | Archer |
| 13:17 | Create | Villager (Male) |
| 13:31 | Create | Villager (Male) |
| 13:31 | Create | Archer |
| 13:40 | Build | Palisade Wall |
| 13:42 | Create | Archer |
| 13:59 | Build | Blacksmith |
| 14:03 | Create | Archer |
| 14:05 | Build | Blacksmith |
| 14:18 | Build | Farm |
| 14:18 | Create | Villager (Male) |
| 14:25 | Create | Archer |
| 14:31 | Create | Archer |
| 14:51 | Create | Archer |
| 14:53 | Create | Villager (Male) |
| 14:56 | Build | Farm |
| 15:03 | Create | Archer |
| 15:05 | Create | Villager (Male) |
| 15:11 | Build | Farm |
| 15:15 | Create | Archer |
| 15:23 | Create | Archer |
| 15:34 | Build | Farm |
| 15:48 | Create | Archer |
| 15:53 | Build | Farm |
| 15:54 | Create | Villager (Male) |
| 15:58 | Create | Villager (Male) |
| 16:00 | Create | Archer |
| 16:14 | Create | Archer |
| 16:22 | Build | House |
| 16:43 | Create | Archer |
| 16:55 | Research | Fletching |
| 16:58 | Build | House |
| 17:03 | Create | Villager (Male) |
| 17:07 | Build | Farm |
| 17:10 | Build | Farm |
| 17:14 | Create | Archer |
| 17:16 | Build | House |
| 17:25 | Build | House |
| 17:34 | Create | Archer |
| 17:38 | Build | Farm |
| 17:39 | Build | Farm |
| 17:48 | Create | Archer |
| 17:49 | Create | Villager (Male) |
| 17:53 | Build | Farm |
| 17:53 | Build | Farm |
| 17:54 | Build | Farm |
| 17:56 | Create | Archer |
| 18:03 | Build | House |
| 18:04 | Build | House |
| 18:05 | Create | Archer |
| 18:22 | Create | Archer |
| 18:28 | Create | Archer |
| 18:30 | Create | Villager (Male) |
| 18:47 | Create | Villager (Male) |
| 18:50 | Build | Farm |
| 18:52 | Build | Farm |
| 18:55 | Build | House |
| 19:03 | Create | Villager (Male) |
| 19:09 | Build | House |
| 19:18 | Build | House |
| 19:19 | Create | Archer |
| 19:29 | Create | Villager (Male) |
| 19:35 | Create | Archer |
| 19:36 | Create | Villager (Male) |
| 19:43 | Create | Archer |
| 19:45 | Create | Archer |
| 19:56 | Create | Archer |
| 19:57 | Create | Villager (Male) |
| 20:14 | Create | Archer |
| 20:33 | Build | Palisade Wall |
| 20:35 | Build | Palisade Gate |
| 20:51 | Create | Villager (Male) |
| 20:58 | Create | Archer |
| 20:59 | Create | Archer |
| 21:09 | Create | Archer |
| 21:23 | Create | Archer |
| 21:25 | Create | Villager (Male) |
| 21:30 | Build | Market |
| 21:40 | Create | Archer |
| 21:46 | Create | Villager (Male) |
| 22:17 | Research | Castle Age |
| 22:23 | Create | Archer |
| 22:24 | Create | Villager (Male) |
| 22:29 | Build | Settlement |
| 22:33 | Build | House |
| 22:33 | Build | House |
| 22:39 | Research | Padded Archer Armor |
| 22:42 | Create | Archer |
| 22:57 | Create | Archer |
| 22:58 | Create | Villager (Male) |
Build order — DS_Orfen
First 150 of 217 actions detected
| 0:01 | Research | Loom |
| 0:02 | Build | House |
| 0:04 | Build | House |
| 0:05 | Create | Villager (Male) |
| 0:05 | Create | Villager (Male) |
| 0:14 | Create | Villager (Male) |
| 0:15 | Create | Villager (Male) |
| 1:30 | Create | Villager (Male) |
| 1:30 | Create | Villager (Male) |
| 1:49 | Create | Villager (Male) |
| 1:49 | Create | Villager (Male) |
| 2:22 | Create | Villager (Male) |
| 2:22 | Create | Villager (Male) |
| 2:40 | Build | Lumber Camp |
| 2:46 | Create | Villager (Male) |
| 2:46 | Create | Villager (Male) |
| 3:07 | Build | House |
| 3:10 | Create | Villager (Male) |
| 3:10 | Create | Villager (Male) |
| 3:36 | Create | Villager (Male) |
| 3:36 | Create | Villager (Male) |
| 3:36 | Create | Villager (Male) |
| 4:07 | Create | Villager (Male) |
| 4:07 | Create | Villager (Male) |
| 4:45 | Create | Villager (Male) |
| 4:45 | Create | Villager (Male) |
| 4:45 | Create | Villager (Male) |
| 5:09 | Build | Mining Camp |
| 5:27 | Create | Villager (Male) |
| 6:09 | Create | Villager (Male) |
| 6:40 | Create | Villager (Male) |
| 6:42 | Build | House |
| 7:08 | Research | Feudal Age |
| 7:31 | Build | Barracks |
| 8:08 | Create | Villager (Male) |
| 9:18 | Age | Feudal Age |
| 9:20 | Build | Archery Range |
| 9:27 | Build | Archery Range |
| 9:37 | Create | Villager (Male) |
| 9:44 | Research | Double-Bit Axe |
| 9:54 | Build | House |
| 9:55 | Build | Palisade Wall |
| 10:07 | Create | Villager (Male) |
| 10:14 | Create | Archer |
| 10:25 | Build | Palisade Wall |
| 10:34 | Create | Villager (Male) |
| 10:42 | Build | House |
| 10:45 | Build | Palisade Wall |
| 10:52 | Create | Archer |
| 10:52 | Create | Archer |
| 10:56 | Create | Villager (Male) |
| 11:04 | Build | Lumber Camp |
| 11:09 | Create | Villager (Male) |
| 11:22 | Build | House |
| 11:24 | Create | Archer |
| 11:24 | Create | Archer |
| 11:37 | Build | Lumber Camp |
| 11:39 | Create | Villager (Male) |
| 11:49 | Build | House |
| 11:51 | Create | Villager (Male) |
| 12:00 | Create | Villager (Male) |
| 12:01 | Create | Archer |
| 12:01 | Create | Archer |
| 12:07 | Build | Blacksmith |
| 12:19 | Create | Archer |
| 12:36 | Build | Mill |
| 12:37 | Create | Villager (Male) |
| 12:43 | Create | Archer |
| 12:50 | Create | Archer |
| 12:56 | Build | Palisade Wall |
| 13:00 | Create | Archer |
| 13:02 | Create | Villager (Male) |
| 13:18 | Build | Palisade Wall |
| 13:25 | Create | Archer |
| 13:26 | Create | Archer |
| 13:31 | Create | Villager (Male) |
| 13:37 | Build | House |
| 13:49 | Create | Archer |
| 13:55 | Create | Archer |
| 13:58 | Research | Fletching |
| 14:09 | Create | Archer |
| 14:22 | Create | Archer |
| 14:36 | Create | Archer |
| 15:07 | Create | Archer |
| 15:13 | Create | Archer |
| 15:13 | Create | Archer |
| 15:21 | Create | Villager (Male) |
| 15:24 | Build | House |
| 15:25 | Build | House |
| 15:26 | Create | Villager (Male) |
| 15:28 | Create | Villager (Male) |
| 15:39 | Create | Archer |
| 15:39 | Create | Archer |
| 15:46 | Create | Archer |
| 16:10 | Create | Archer |
| 16:14 | Create | Villager (Male) |
| 16:15 | Build | Farm |
| 16:16 | Build | Farm |
| 16:16 | Build | Farm |
| 16:16 | Build | Farm |
| 16:16 | Build | Farm |
| 16:16 | Build | Farm |
| 16:17 | Build | Farm |
| 16:23 | Create | Archer |
| 16:26 | Create | Villager (Male) |
| 16:28 | Build | Farm |
| 16:41 | Create | Archer |
| 17:08 | Create | Archer |
| 17:08 | Create | Archer |
| 17:09 | Create | Villager (Male) |
| 17:14 | Build | House |
| 17:20 | Create | Archer |
| 17:20 | Create | Archer |
| 17:25 | Create | Villager (Male) |
| 17:27 | Build | Farm |
| 17:28 | Build | Farm |
| 17:28 | Build | Farm |
| 17:28 | Build | Farm |
| 17:48 | Create | Archer |
| 17:57 | Create | Villager (Male) |
| 17:58 | Build | Farm |
| 18:03 | Create | Villager (Male) |
| 18:24 | Create | Archer |
| 18:43 | Create | Archer |
| 18:48 | Create | Archer |
| 18:51 | Create | Villager (Male) |
| 18:53 | Build | Farm |
| 18:53 | Build | Farm |
| 18:53 | Build | Farm |
| 19:14 | Build | House |
| 19:18 | Create | Archer |
| 19:18 | Create | Archer |
| 20:00 | Research | Castle Age |
| 20:08 | Create | Archer |
| 20:08 | Create | Archer |
| 20:14 | Research | Padded Archer Armor |
| 20:27 | Create | Archer |
| 20:44 | Create | Archer |
| 20:52 | Build | House |
| 21:09 | Create | Archer |
| 21:19 | Create | Archer |
| 21:32 | Create | Villager (Male) |
| 21:34 | Research | Gold Mining |
| 21:36 | Research | Horse Collar |
| 21:43 | Build | Lumber Camp |
| 22:14 | Create | Archer |
| 22:14 | Create | Archer |
| 22:39 | Create | Archer |
| 22:40 | Create | Archer |
| 22:40 | Age | Castle Age |
Build order — word马亚
First 150 of 171 actions detected
| 0:05 | Create | Villager (Male) |
| 0:05 | Create | Villager (Male) |
| 0:05 | Create | Villager (Male) |
| 0:05 | Create | Villager (Male) |
| 0:06 | Create | Villager (Male) |
| 0:06 | Build | House |
| 0:08 | Build | House |
| 1:37 | Create | Villager (Male) |
| 1:38 | Create | Villager (Male) |
| 1:55 | Create | Villager (Male) |
| 1:55 | Create | Villager (Male) |
| 2:16 | Create | Villager (Male) |
| 2:29 | Build | Lumber Camp |
| 2:55 | Create | Villager (Male) |
| 2:55 | Create | Villager (Male) |
| 3:11 | Build | House |
| 3:24 | Create | Villager (Male) |
| 3:25 | Create | Villager (Male) |
| 3:25 | Create | Villager (Male) |
| 3:32 | Create | Villager (Male) |
| 3:32 | Create | Villager (Male) |
| 3:33 | Create | Villager (Male) |
| 3:52 | Build | House |
| 3:59 | Create | Villager (Male) |
| 3:59 | Create | Villager (Male) |
| 4:27 | Create | Villager (Male) |
| 4:27 | Create | Villager (Male) |
| 4:40 | Create | Villager (Male) |
| 4:40 | Create | Villager (Male) |
| 4:40 | Create | Villager (Male) |
| 5:36 | Build | Mill |
| 6:44 | Research | Feudal Age |
| 6:44 | Research | Feudal Age |
| 7:23 | Build | Barracks |
| 8:25 | Create | Villager (Male) |
| 8:56 | Age | Feudal Age |
| 8:59 | Research | Double-Bit Axe |
| 8:59 | Research | Double-Bit Axe |
| 8:59 | Research | Horse Collar |
| 9:00 | Research | Horse Collar |
| 9:14 | Build | Stable |
| 9:39 | Create | Villager (Male) |
| 10:04 | Create | Villager (Male) |
| 10:07 | Build | House |
| 10:18 | Build | Blacksmith |
| 10:18 | Create | Scout Cavalry |
| 10:23 | Create | Villager (Male) |
| 10:37 | Build | Palisade Wall |
| 10:40 | Create | Scout Cavalry |
| 10:53 | Create | Villager (Male) |
| 10:55 | Build | Farm |
| 10:58 | Build | Farm |
| 11:11 | Create | Scout Cavalry |
| 11:14 | Create | Villager (Male) |
| 11:31 | Build | House |
| 11:46 | Create | Scout Cavalry |
| 11:49 | Build | Farm |
| 11:57 | Create | Villager (Male) |
| 12:02 | Build | Farm |
| 12:16 | Create | Scout Cavalry |
| 12:22 | Build | Farm |
| 12:24 | Build | Farm |
| 12:25 | Build | Farm |
| 12:45 | Create | Villager (Male) |
| 12:48 | Build | Farm |
| 12:53 | Build | House |
| 12:54 | Build | House |
| 13:00 | Create | Scout Cavalry |
| 13:04 | Create | Villager (Male) |
| 13:08 | Build | Farm |
| 13:19 | Build | Palisade Wall |
| 13:25 | Build | Palisade Wall |
| 13:27 | Build | Palisade Wall |
| 13:28 | Build | Palisade Wall |
| 13:36 | Create | Scout Cavalry |
| 13:37 | Create | Villager (Male) |
| 13:39 | Build | Farm |
| 13:51 | Create | Villager (Male) |
| 13:53 | Build | Farm |
| 14:04 | Create | Scout Cavalry |
| 14:07 | Research | Loom |
| 14:22 | Create | Villager (Male) |
| 14:32 | Build | Market |
| 14:37 | Create | Scout Cavalry |
| 14:39 | Create | Villager (Male) |
| 15:00 | Create | Scout Cavalry |
| 15:00 | Create | Villager (Male) |
| 15:04 | Create | Villager (Male) |
| 15:05 | Build | Farm |
| 15:06 | Build | Farm |
| 15:07 | Build | Farm |
| 15:32 | Build | Farm |
| 15:33 | Build | Farm |
| 15:34 | Build | Farm |
| 15:46 | Research | Scale Barding Armor |
| 15:52 | Create | Villager (Male) |
| 15:59 | Build | Farm |
| 16:07 | Build | Stable |
| 16:15 | Create | Scout Cavalry |
| 16:31 | Create | Scout Cavalry |
| 16:32 | Create | Villager (Male) |
| 16:54 | Research | Forging |
| 16:54 | Research | Forging |
| 17:03 | Build | House |
| 17:07 | Create | Villager (Male) |
| 17:09 | Create | Scout Cavalry |
| 17:13 | Create | Villager (Male) |
| 17:16 | Build | Mining Camp |
| 17:26 | Build | House |
| 17:36 | Create | Villager (Male) |
| 17:37 | Create | Scout Cavalry |
| 17:55 | Create | Scout Cavalry |
| 18:18 | Create | Villager (Male) |
| 18:24 | Create | Scout Cavalry |
| 18:30 | Create | Villager (Male) |
| 18:33 | Build | Mining Camp |
| 18:49 | Create | Scout Cavalry |
| 18:51 | Create | Spearman |
| 18:55 | Create | Villager (Male) |
| 19:00 | Build | House |
| 19:08 | Build | Palisade Wall |
| 19:12 | Build | Palisade Wall |
| 19:14 | Build | Palisade Wall |
| 19:16 | Build | House |
| 19:20 | Create | Spearman |
| 19:32 | Create | Scout Cavalry |
| 19:33 | Create | Villager (Male) |
| 19:51 | Create | Villager (Male) |
| 19:55 | Create | Villager (Male) |
| 20:08 | Create | Spearman |
| 20:13 | Build | Palisade Wall |
| 20:15 | Build | Palisade Wall |
| 20:17 | Build | House |
| 20:19 | Build | House |
| 20:21 | Build | Palisade Wall |
| 21:13 | Research | Wheelbarrow |
| 21:13 | Research | Wheelbarrow |
| 21:17 | Build | Palisade Wall |
| 21:54 | Create | Villager (Male) |
| 22:21 | Research | Castle Age |
| 22:21 | Research | Castle Age |
| 22:49 | Research | Gold Mining |
| 22:49 | Research | Gold Mining |
| 23:11 | Research | Stone Mining |
| 23:31 | Research | Fletching |
| 24:14 | Research | Bloodlines |
| 24:47 | Create | Villager (Male) |
| 25:01 | Create | Villager (Male) |
| 25:06 | Create | Villager (Male) |
| 25:08 | Age | Castle Age |
Match timeline
| 5:35 | aaahfef · wall_segment Palisade Wall x1 |
| 6:47 | aaahfef · first_building Barracks |
| 7:16 | RyuZaKi · first_building Barracks |
| 7:23 | word马亚 · first_building Barracks |
| 7:31 | DS_Orfen · first_building Barracks |
| 7:36 | DS_Maulet · first_building Barracks |
| 8:04 | aaahfef · wall_segment Palisade Wall x4 |
| 8:05 | DS_Le Cuack |Youtube Twitch| · first_building Barracks |
| 8:08 | aaahfef · wall_segment Palisade Wall x6 |
| 8:22 | share/p/1EGzyAY5M9/ · first_building Barracks |
| 8:34 | aaahfef · wall_segment Palisade Wall x1 |
| 8:45 | DL | Tortafuller · first_building Barracks |
| 8:51 | DS_Maulet · age_up feudal |
| 8:52 | DS_Maulet · first_building Archery Range |
| 8:53 | aaahfef · wall_segment Palisade Wall x1 |
| 8:55 | DS_Le Cuack |Youtube Twitch| · age_up feudal |
| 8:56 | word马亚 · age_up feudal |
| 8:58 | DS_Le Cuack |Youtube Twitch| · first_building Stable |
| 9:06 | share/p/1EGzyAY5M9/ · wall_segment Palisade Wall x1 |
| 9:08 | share/p/1EGzyAY5M9/ · wall_segment Palisade Wall x1 |
| 9:13 | RyuZaKi · age_up feudal |
| 9:14 | word马亚 · first_building Stable |
| 9:16 | share/p/1EGzyAY5M9/ · age_up feudal |
| 9:18 | DS_Orfen · age_up feudal |
| 9:20 | DS_Orfen · first_building Archery Range |
| 9:22 | share/p/1EGzyAY5M9/ · first_building Archery Range |
| 9:24 | DL | Tortafuller · age_up feudal |
| 9:27 | RyuZaKi · first_building Stable |
| 9:41 | aaahfef · age_up feudal |
| 9:43 | aaahfef · first_building Archery Range |
| 9:55 | DL | Tortafuller · first_building Stable |
| 9:55 | DS_Orfen · wall_segment Palisade Wall x4 |
| 10:25 | DS_Orfen · wall_segment Palisade Wall x9 |
| 10:37 | word马亚 · wall_segment Palisade Wall x2 |
| 10:40 | DS_Maulet · wall_segment Palisade Wall x1 |
| 10:45 | DS_Orfen · wall_segment Palisade Wall x9 |
| 11:12 | aaahfef · wall_segment Palisade Wall x11 |
| 12:45 | aaahfef · wall_segment Palisade Wall x1 |
| 12:56 | DS_Orfen · wall_segment Palisade Wall x11 |
| 13:18 | DS_Orfen · wall_segment Palisade Wall x1 |
| 13:19 | word马亚 · wall_segment Palisade Wall x1 |
| 13:22 | DS_Maulet · wall_segment Palisade Wall x2 |
| 13:25 | word马亚 · wall_segment Palisade Wall x1 |
| 13:27 | word马亚 · wall_segment Palisade Wall x1 |
| 13:28 | word马亚 · wall_segment Palisade Wall x1 |
| 13:40 | share/p/1EGzyAY5M9/ · wall_segment Palisade Wall x3 |
| 13:44 | DS_Maulet · wall_segment Palisade Wall x4 |
| 15:26 | aaahfef · wall_segment Palisade Wall x7 |
| 16:46 | aaahfef · wall_segment Palisade Wall x1 |
| 17:29 | DS_Maulet · wall_segment Palisade Wall x1 |
| 18:53 | DS_Maulet · wall_segment Palisade Wall x1 |
| 19:08 | word马亚 · wall_segment Palisade Wall x1 |
| 19:12 | word马亚 · wall_segment Palisade Wall x1 |
| 19:14 | word马亚 · wall_segment Palisade Wall x1 |
| 20:13 | DS_Le Cuack |Youtube Twitch| · first_market_buy 100 food |
| 20:13 | word马亚 · wall_segment Palisade Wall x1 |
| 20:14 | DS_Le Cuack |Youtube Twitch| · first_market_sell 100 wood |
| 20:15 | word马亚 · wall_segment Palisade Wall x1 |
| 20:21 | word马亚 · wall_segment Palisade Wall x1 |
| 20:33 | share/p/1EGzyAY5M9/ · wall_segment Palisade Wall x8 |
| 21:17 | word马亚 · wall_segment Palisade Wall x1 |
| 21:38 | word马亚 · first_market_sell 500 wood |
| 21:39 | word马亚 · first_market_buy 100 food |
| 21:54 | DS_Maulet · age_up castle |
| 22:40 | DS_Orfen · age_up castle |
| 23:14 | DS_Le Cuack |Youtube Twitch| · age_up castle |
| 23:41 | DS_Maulet · first_market_buy 100 wood |
| 24:08 | RyuZaKi · first_market_buy 100 food |
| 24:46 | DS_Orfen · first_market_sell 100 food |
| 24:57 | share/p/1EGzyAY5M9/ · age_up castle |
| 25:06 | share/p/1EGzyAY5M9/ · first_market_sell 100 food |
| 25:08 | word马亚 · age_up castle |
| 25:30 | DL | Tortafuller · age_up castle |
| 25:42 | word马亚 · first_building Castle |
| 26:10 | word马亚 · wall_segment Stone Wall x1 |
| 26:13 | word马亚 · wall_segment Stone Wall x1 |
| 26:53 | RyuZaKi · age_up castle |
| 27:33 | share/p/1EGzyAY5M9/ · resign |
| 27:53 | RyuZaKi · first_market_sell 100 food |
[ AI ANALYSIS · 1 CREDIT ]
What really happened in this match?
Wolo.gg analyzes every decision: build order, eco, micro, common mistakes by bracket. Personalized analysis on WhatsApp or Discord in 30 seconds.
Civ guide
Hindustanis
Perfil
Jugador #5540767